 Dungeon Crawl Stone Soup version 0.22-a0-448-g1fb7470 (webtiles) character file.

24 galech the Skirmisher (level 3, -1/60 HPs)
             Began as an Ogre Berserker on June 4, 2018.
             Was a Believer of Trog.
             Slain by a quokka (4 damage)
             ... on level 2 of the Dungeon.
             The game lasted 00:02:46 (867 turns).

galech the Skirmisher (Ogre Berserker)               Turns: 867, Time: 00:02:47

Health: -1/60      AC:  3    Str: 27    XL:     3   Next: 2%
Magic:  3/3        EV: 10    Int:  8    God:    Trog [**....]
Gold:   38         SH:  0    Dex:  8    Spells: 2/2 levels left

rFire    x . .     SeeInvis .   a - +0 mace
rCold    + . .     Gourm    .   (no shield)
rNeg     . . .     Faith    +   b - +0 animal skin
rPois    .         Spirit   .   (helmet restricted)
rElec    .         Reflect  .   (no cloak)
rCorr    .         Harm     .   (gloves unavailable)
MR       ++...                  (boots unavailable)
Stlth    ..........             j - amulet of faith
HPRegen  1.20/turn              h - ring of ice
MPRegen  0.08/turn              (no ring)

@: berserking, regenerating, very quick
A: large, unfitting armour, tough skin 1
a: Berserk, Trog's Hand, Renounce Religion


You were on level 2 of the Dungeon.
You worshipped Trog.
Trog was pleased with you.
You were very hungry.

You visited 1 branch of the dungeon, and saw 2 of its levels.

You collected 38 gold pieces.

Inventory:

Hand Weapons
 a - a +0 mace (weapon)
Armour
 b - a +0 animal skin (worn)
Jewellery
 h - a ring of ice (left hand)
 j - an amulet of faith (around neck)
Scrolls
 d - a scroll of fog {unknown}
 g - a scroll of teleportation {unknown}
 i - a scroll of identify {unknown}
Potions
 e - a potion of might {unknown}
Comestibles
 c - a ration


   Skills:
 + Level 4.5 Fighting
 + Level 3.1 Maces & Flails
 + Level 3.0 Dodging


You had 2 spell levels left.
You didn't know any spells.
Your spell library was empty.

Dungeon Overview and Level Annotations

Branches:
Dungeon (2/15)

Altars:


Innate Abilities, Weirdness & Mutations

You are too large for most types of armour.
You have tough skin. (AC +1)


Message History

A jackal comes into view.
A red film seems to cover your vision as you go berserk!
You feel yourself moving faster!
You feel mighty!
You are feeling very hungry.
The jackal bites you but does no damage.
The quokka bites you.
* * * LOW HITPOINT WARNING * * *
The quokka bites you.
* * * LOW HITPOINT WARNING * * *
The jackal barely misses you.
You closely miss the quokka. The jackal misses you.
The quokka closely misses you.
You closely miss the quokka. The jackal bites you.
* * * LOW HITPOINT WARNING * * *
The leopard gecko closely misses you. The quokka barely misses you.
A jackal comes into view.
You miss the quokka. The jackal misses you. The leopard gecko bites you.
* * * LOW HITPOINT WARNING * * *
The quokka bites you.
You die...

...... .....
....# ####...###
#....#...###
#...........
#..†.......#
#...@r......
#.hhl.......
#...........
#h.h..........
.....#..........
.....#..........
#....#.........#
#....#######.#.#
#.. ..


You could see a leopard gecko, a quokka and 4 jackals.

Vanquished Creatures
  A dart slug (D:1)
  5 goblins (D:1)
  2 ball pythons (D:1)
  2 frilled lizards
  4 kobolds (D:1)
  14 rats
28 creatures vanquished.

Notes
Turn   | Place    | Note
-------+----------+-------------------------------------------
     0 | D:1      | galech the Ogre Berserker began the quest for the Orb.
     0 | D:1      | Reached XP level 1. HP: 24/24 MP: 1/1
    84 | D:1      | Reached XP level 2. HP: 32/32 MP: 2/2
   637 | D:1      | Reached ** piety under Trog
   845 | D:2      | Reached XP level 3. HP: 36/40 MP: 3/3
   867 | D:2      | HP: 3/60 [leopard gecko (2)]
   867 | D:2      | Slain by a quokka

Vault maps used:
D:1:      lemuel_arrival_muddy, minmay_rat_gold_closets
D:2:      minitemple, first_ration

Skill      XL: |  1  2 |
---------------+-------+-----
Maces & Flails | 3 |  3.1
Dodging        | 3 |  3.0
Fighting       | |  4.5

Action                   || total
-------------------------++-------
Melee: Mace              ||    80
Invok: Berserk           ||     1
       Trog's Hand       ||     1
Armor: Animal skin       ||    26
Dodge: Dodged            ||    47

Table legend:
 A = Spawn XP
 B = Non-spawn XP
 C = Spawn XP percentage of total XP
 D = Spawn monster count
 E = Non-spawn monster count
 F = Spawn count percentage of total count
 G = Total turns spent on level
                    A         B        C        D         E        F      G
               +---------+---------+-------+---------+---------+-------+---------
         Total |       0 |      35 |   0.0 |       0 |      28 |   0.0 |   867
               +---------+---------+-------+---------+---------+-------+---------
           D:1 |       0 |      32 |   0.0 |       0 |      25 |   0.0 |   837
           D:2 |       0 |       3 |   0.0 |       0 |       3 |   0.0 |    30
               +---------+---------+-------+---------+---------+-------+---------
